 Dungeon Sprint DCSS version 0.31-a0-354-g827e0957a7 (webtiles) character file.

Game seed: 10265768300929260409

169 Monkooky the Covert (level 5, -13/30 HPs)
             Began as a Kobold Brigand on July 23, 2023.
             Was an Initiate of Wu Jian.
             Killed from afar by an oklob sapling wizard (26 damage)
             ... with a splash of acid
             ... in the Dungeon (Sprint IV: "Fedhas' Mad Dash").
             The game lasted 00:01:53 (189 turns).

Monkooky the Covert (Kobold Brigand)                 Turns: 189, Time: 00:01:53

Health: -13/30     AC:  3    Str:  8    XL:     5   Next: 79%
Magic:  5/5        EV: 14    Int: 13    God:    Wu Jian [......]
Gold:   77         SH:  0    Dex: 18    Spells: 4/4 levels left

rFire   . . .        a - +2 dagger
rCold   . . .        (no shield)
rNeg    . . .        b - +0 robe
rPois   .            (no helmet)
rElec   .            c - +0 cloak
rCorr   .            (no gloves)
SInv    .            (no boots)
Will    .....        l - amulet of invisibility {+Inv}
Stlth   ++++++       (no ring)
HPRegen 0.25/turn    (no ring)
MPRegen 0.09/turn

%: no teleportation
@: very slightly contaminated, invisible
A: small, no large weapons, nightstalker 3
a: Renounce Religion, Evoke Invisibility


You were in the Dungeon.
You worshipped Wu Jian.
Wu Jian was noncommittal.
You visited 1 branch You collected 77 gold pieces.

Inventory:

Hand Weapons
 a - a +2 dagger (weapon)
Missiles
 d - 9 poisoned darts (quivered)
 e - 3 curare-tipped darts
Armour
 b - a +0 robe (worn)
 c - a +0 cloak (worn)
Jewellery
 l - the amulet of invisibility (around neck) {+Inv}
   (You found it in the Dungeon)

   [amulet of nothing]

   +Inv:      It lets you turn invisible.
Scrolls
 k - a scroll of blinking
Potions
 f - a potion of curing
 g - a potion of heal wounds
 h - a potion of haste
 i - 2 potions of magic
 j - a potion of berserk rage


   Skills:
 - Level 2.1 Fighting
 - Level 8.7 Short Blades
 - Level 2.1 Throwing
 - Level 1.2 Dodging
 - Level 10.0 Stealth
 * Level 7.4 Evocations


You had 4 spell levels left.
You didn't know any spells.
Your spell library was empty.

Dungeon Overview and Level Annotations

Branches:
Dungeon (1/1)

Altars:
Cheibriados
Dithmenos
Elyvilon
Gozag
Hepliaklqana
Kikubaaqudgha
Makhleb
Nemelex Xobeh
Okawaru
Qazlal
Ru
Sif Muna
Trog
Uskayaw
Vehumet
Wu Jian
Xom
Yredelemnul
Zin
The Shining One
Jiyva
Lugonu

Annotations:
D exclusion: oklob sapling


Innate Abilities, Weirdness & Mutations

You are small and have problems with some larger weapons.
You are completely attuned to the shadows.


Message History

The oklob sapling wizard is heavily damaged.
You hit the oklob sapling wizard but do no damage.
The oklob sapling wizard is heavily damaged.
The oklob sapling wizard stares at you and mumbles some strange words.
The magic dart hits you!
You hit the oklob sapling wizard.
The oklob sapling wizard is severely damaged.
You hit the oklob sapling wizard but do no damage.
The oklob sapling wizard is severely damaged.
You hit the oklob sapling wizard but do no damage.
The oklob sapling wizard is severely damaged.
You hit the oklob sapling wizard but do no damage.
You punch the oklob sapling wizard, but do no damage.
The oklob sapling wizard is severely damaged.
You hit the oklob sapling wizard but do no damage.
The oklob sapling wizard is severely damaged.
You hit the oklob sapling wizard but do no damage.
The oklob sapling wizard is severely damaged.
You hit the oklob sapling wizard but do no damage.
The oklob sapling wizard is severely damaged.
You hit the oklob sapling wizard.
The oklob sapling wizard is severely damaged.
You hit the oklob sapling wizard but do no damage.
The oklob sapling wizard is severely damaged.
The oklob sapling wizard spits acid at you.
The splash of acid misses you.
You hit the oklob sapling wizard but do no damage.
The oklob sapling wizard is severely damaged.
You hit the oklob sapling wizard but do no damage.
The oklob sapling wizard is severely damaged.
The oklob sapling wizard casts a spell at you.
The magic dart hits you!
You hit the oklob sapling wizard but do no damage.
The oklob sapling wizard is severely damaged.
You fade into invisibility!
You are very lightly contaminated with residual magic.
The oklob sapling wizard spits acid at you.
The splash of acid hits you!!
Ouch! That really hurt!
You die...

###################
.#.⌠._._._._.⌠.#.(+
.'.._._._._._..'@P#
.#..._._._._...#..#
##.._._._._._..#.)#
.#._._._._._.⌠.####
.############### ##


You could see an oklob sapling wizard (unable to see you).

Vanquished Creatures
  A scorpion (D)
  3 oklob saplings (D)
  A river rat (D)
  A rat (D)
6 creatures vanquished.

Notes
Turn   | Place    | Note
-------+----------+-------------------------------------------
     0 | D        | Monkooky the Kobold Brigand began the quest for the Orb.
     0 | D        | Reached XP level 1. HP: 12/12 MP: 1/1
    12 | D        | Reached XP level 2. HP: 17/17 MP: 2/2
    28 | D        | Noticed an oklob sapling
    30 | D        | Killed an oklob sapling
    31 | D        | Reached XP level 3. HP: 21/21 MP: 3/3
    32 | D        | Noticed a scorpion
    32 | D        | Found the amulet of invisibility {+Inv}
    34 | D        | Killed a scorpion
    35 | D        | Reached skill level 10 in Stealth
    35 | D        | Reached XP level 4. HP: 26/26 MP: 4/4
    70 | D        | Reached XP level 5. HP: 21/30 MP: 5/5
   127 | D        | Noticed a queen bee
   139 | D        | Found an opulent altar of Gozag.
   140 | D        | Found a burning altar of Makhleb.
   140 | D        | Found a sacrificial altar of Ru.
   140 | D        | Found an ornate altar of the Wu Jian Council.
   140 | D        | Found a shimmering altar of Xom.
   141 | D        | Found a shimmering blue altar of Sif Muna.
   141 | D        | Found a hazy altar of Hepliaklqana.
   142 | D        | Found a basalt altar of Yredelemnul.
   142 | D        | Found a sparkling altar of Nemelex Xobeh.
   142 | D        | Found a snail-covered altar of Cheibriados.
   143 | D        | Found a bloodstained altar of Trog.
   143 | D        | Found a viscous altar of Jiyva.
   144 | D        | Found a glowing silver altar of Zin.
   144 | D        | Found an iron altar of Okawaru.
   144 | D        | Found a shadowy altar of Dithmenos.
   145 | D        | Found a hide-covered altar of Uskayaw.
   145 | D        | Found an ancient bone altar of Kikubaaqudgha.
   146 | D        | Found a glowing golden altar of the Shining One.
   146 | D        | Found a stormy altar of Qazlal.
   146 | D        | Found a white marble altar of Elyvilon.
   148 | D        | Found a radiant altar of Vehumet.
   148 | D        | Found a corrupted altar of Lugonu.
   160 | D        | Became a worshipper of the Wu Jian Council
   189 | D        | Killed from afar by an oklob sapling wizard

Illustrated notes

Levels and vault maps discovered:
D:        dungeon_sprint_fedhas [sprint_temple]

Skill      XL: |  1  2  3  4  5 |
---------------+----------------+-----
Short Blades   | 6 8 |  8.7
Stealth        | 10 | 10.0
Evocations     | 4 7 |  7.4
Fighting       | |  2.1
Throwing       | |  2.1
Dodging        | |  1.2

Action                     |  1- 3 |  4- 6 || total
---------------------------+-------+-------++-------
  Melee: Dagger            |     8 |    28 ||    36
         Punch             |       |     1 ||     1
  Throw: Dart              |     2 |       ||     2
Ability: Evoke Invisibilit |       |     1 ||     1
         Lunge             |       |     1 ||     1
    Use: Potion            |       |     1 ||     1
   Stab: Sleeping          |     2 |     1 ||     3
 Armour: Robe              |     1 |       ||     1
  Dodge: Dodged            |     4 |     1 ||     5

Table legend: (Time is in decaauts)
 A = Elapsed time spent in this place.
 B = Non-inter-level travel time spent in this place.
 C = Inter-level travel time spent in this place.
 D = Time resting spent in this place.
 E = Time spent auto-exploring this place.
 F = Levels seen in this place.
 G = Mean time per level.
                   A        B        C        D        E       F      G
               +--------+--------+--------+--------+--------+-----+--------+
         Total |    188 |    188 |      0 |     53 |      3 |   1 |  188.0 |
       Dungeon |    188 |    188 |      0 |     53 |      3 |   1 |  188.0 |
               +--------+--------+--------+--------+--------+-----+--------+

Top non-repeatable levels by time:
       D: 188 daAuts
